 Dungeon Crawl Stone Soup version 0.26-a0-597-gb535b09 (webtiles) character file.

Game seed: 7030785171308336302

44250 robertstho the Severer (level 13, -1/122 HPs)
             Began as a Minotaur Delver on Aug 26, 2020.
             Was the Champion of Okawaru.
             Slain by a minotaur (17 damage)
             ... on level 5 of the Lair of Beasts.
             The game lasted 00:26:42 (21101 turns).

robertstho the Severer (Minotaur Delver)           Turns: 21101, Time: 00:26:43

Health: -1/122     AC: 20    Str: 24    XL:     13   Next: 95%
Magic:  17/17      EV: 23    Int:  7    God:    Okawaru [******]
Gold:   962        SH:  0    Dex: 21    Spells: 12/12 levels left

rFire    . . .     SeeInvis .   P - +3 broad axe (flame)
rCold    + . .     Faith    .   (no shield)
rNeg     . . .     Spirit   .   O - +1 swamp dragon scales
rPois    +         Reflect  .   S - +2 hat
rElec    .         Harm     .   z - +0 cloak
rCorr    .                      I - +0 pair of gloves
MR       .....                  C - +0 pair of boots
Stlth    ++++++....             s - amulet of magic regeneration
HPRegen  0.30/turn              x - ring "Quruhyev" {+Fly Str+4 Dex+7 Stlth+}
MPRegen  0.40/turn              V - ring of protection from cold

@: heroism
A: retaliatory headbutt, horns 2
a: Heroism, Finesse, Renounce Religion, Evoke Flight


You were on level 5 of the Lair of Beasts.
You worshipped Okawaru.
Okawaru was exalted by your worship.
You visited 2 branches of the dungeon, and saw 17 of its levels.
You also visited: Bailey.

You collected 1486 gold pieces.
You spent 524 gold pieces at shops.

Inventory:

Hand Weapons
 q - a +0 vampiric war axe
 L - a +2 battleaxe of freezing
 P - a +3 broad axe of flaming (weapon)
 U - a +3 executioner's axe
Missiles
 a - 8 curare-tipped darts
 i - 2 silver javelins (quivered)
 E - 99 poisoned darts
Armour
 w - a +0 plate armour
 y - a +0 chain mail
 z - a +0 cloak (worn)
 C - a +0 pair of boots (worn)
 I - a +0 pair of gloves (worn)
 O - +1 swamp dragon scales (worn)
 R - a +0 buckler of protection
 S - a +2 hat (worn)
Jewellery
 s - an amulet of magic regeneration (around neck)
 x - the ring "Quruhyev" (left hand) {+Fly Str+4 Dex+7 Stlth+}
   (You found it on level 4 of the Dungeon)

   [ring of flight]

   It affects your strength (+4).
   It affects your dexterity (+7).
   It lets you fly.
   It makes you more stealthy.
 A - an uncursed ring of positive energy
 H - an uncursed ring of see invisible
 T - an uncursed ring of fire
 V - a ring of protection from cold (right hand)
Wands
 g - a wand of digging (7)
 F - a wand of iceblast (12)
 J - a wand of acid (23)
 K - a wand of disintegration (12)
 N - a wand of polymorph (11)
 Q - a wand of random effects (18)
Scrolls
 b - a scroll of identify
 c - 2 scrolls of fog
 d - 4 scrolls of magic mapping
 e - a scroll of fear
 h - 9 scrolls of remove curse
 k - 7 scrolls of blinking
 m - 2 scrolls of enchant armour
 o - a scroll of holy word
 r - 5 scrolls of enchant weapon
 t - 2 scrolls of silence
 D - 11 scrolls of teleportation
Potions
 f - 2 potions of magic
 j - 3 potions of cancellation
 n - 2 potions of might
 p - 3 potions of haste
 u - 3 potions of curing
 v - a potion of lignification
 B - 6 potions of flight
 G - a potion of mutation
Miscellaneous
 M - a phantom mirror


   Skills:
 * Level 13.0(18.0) Fighting
   Level 1.0(6.0) Long Blades
 * Level 17.9(22.9) Axes
   Level 1.0(17.1) Polearms
 * Level 10.6(15.6) Armour
 * Level 9.1(14.1) Dodging
 + Level 6.3(11.3) Stealth
 + Level 2.9(7.9) Shields
 * Level 7.3 Invocations


You had 12 spell levels left.
You didn't know any spells.
Your spell library contained the following spells:

 Spells                   Type           Power        Failure   Level
 Animate Skeleton         Necr           #.....       52%         1
 Apportation              Tloc           #.....       52%         1
 Beastly Appendage        Tmut           #.....       52%         1
 Corona                   Hex            #......      52%         1
 Summon Small Mammal      Summ           #...         52%         1
 Slow                     Hex            #.......     67%         2
 Wereblood                Tmut           #.......     67%         2
 Inner Flame              Hex/Fire       #.......     88%         3
 Portal Projectile        Hex/Tloc       #.....       88%         3
 Spider Form              Tmut/Pois      #.........   88%         3
 Cause Fear               Hex            #.........   99%         4
 Ice Form                 Ice/Tmut       #.......     99%         4
 Leda's Liquefaction      Hex/Erth       #.........   99%         4
 Blade Hands              Tmut           #.........   100%        5
 Metabolic Englaciation   Hex/Ice        #.........   100%        5
 Freezing Cloud           Conj/Ice/Air   #.........   100%        6
 Ozocubu's Refrigeration  Ice            #.........   100%        6
 Simulacrum               Ice/Necr       #.........   100%        6


Dungeon Overview and Level Annotations

Branches:
Dungeon (12/15)            Temple (0/1) D:5            Lair (5/6) D:9
  Swamp (0/4) Lair:3        Snake (0/4) Lair:3        Slime (0/5) Lair:5
    Orc (0/2) D:9          Bailey (visited)

Altars:
Ashenzari
Cheibriados
Dithmenos
Fedhas
Gozag
Makhleb
Nemelex Xobeh
Okawaru
Ru
Uskayaw
Vehumet

Shops:
D:6 !*(*=   D:8 (?(?*

Annotations:
D:6 3 runed translucent doors, snetch's ghost, novice MiBe
D:12 Sonja


Innate Abilities, Weirdness & Mutations

You reflexively headbutt those who attack you in melee.
You have a pair of horns on your head.


Message History

The minotaur is almost dead.
You hit the cane toad. You burn the cane toad. The minotaur hits you!
* * * LOW HITPOINT WARNING * * *
The minotaur gores you.
* * * LOW HITPOINT WARNING * * *
The cane toad completely misses you. You furiously retaliate!
You headbutt the cane toad, but do no damage.
The minotaur throws a silver javelin.
The silver javelin closely misses you.
You feel better.
Evoke which item? (* to show all) (? for menu, Esc to quit)
Aiming: Corrosive Bolt
Press: ? - help, Shift-Dir - straight line, f - minotaur
Aim: a minotaur, wearing a +0 plate armour and quivering 17 silver javelins (almost dead, fast)
The bolt of acid hits the minotaur but does no damage.
The minotaur is almost dead.
The minotaur hits you!
* * * LOW HITPOINT WARNING * * *
The minotaur closely misses you.
You feel better. The minotaur hits you!
You die...

#..................######........
##.............#....##P..........
.>............P#..#..P...P.......
......P....................P.....
...........#########.P...........
.......#...#.# #...#PP.P.......#.
...........#..####.#.............
...........##..H.#†'.............
......P#)..#...#@..'.............
..#........##?.#...'.P...#.....#.
#....###...#..####.#(#....P.....#
###...#....#.# #..#..P.........#
##.......#########............#
#.............................
#......P#......PP....<.......#
##..÷.....#.....P#......#......
##...................#...#..P...


You could see a minotaur (fast).

Vanquished Creatures
  The ghost of Weonon the Bludgeoner, a journeyman GrFi of Makhleb (Lair:5)
  The ghost of Fiamaimm the Fighter, a journeyman MiBe of Trog (D:11)
  Fannar (Lair:2)
  4 hydras
  A two-headed ogre (D:10)
  Erica (D:8)
  A death yak (Lair:5)
  3 skeletal warriors (D:11)
  Pikel (D:5)
  4 oklob plants (Lair:3)
  An elephant (Lair:5)
  An ugly thing (D:12)
  Maurice (D:12)
  2 cyclopes (D:12)
  2 manticores
  Psyche (D:10)
  2 black mambas (Lair:3)
  10 cane toads
  5 komodo dragons
  4 torpor snails (Lair:4)
  2 kobold demonologists
  A polar bear (Lair:5)
  2 trolls
  6 hippogriffs
  7 blink frogs
  2 hornets
  A vampire (D:10)
  5 wyverns
  51 yaks
  5 basilisks
  2 nagas (Lair:3)
  2 soldier ants (D:11)
  3 swamp worms (Lair:3)
  7 porcupines
  2 sky beasts
  9 water moccasins
  Duvessa (D:7)
  3 ice beasts
  12 orc warriors
  An eye of draining (D:12)
  2 phantoms
  3 ogres
  2 necrophages
  5 wolves (Lair:1)
  12 centaurs
  8 crocodiles
  A lemure (D:5)
  3 big kobolds
  A gnoll sergeant (D:10)
  14 bullfrogs
  Dowan (D:7)
  3 scorpions
  11 killer bees
  22 wights
  4 electric eels (D:12)
  A bullfrog zombie (D:7)
  2 lava snakes (Lair:1)
  A centaur zombie (D:12)
  A quasit (D:9)
  7 hounds
  10 orc priests
  5 jellies
  23 orc wizards
  3 bullfrog skeletons
  Jessica (D:2)
  4 iguanas
  Natasha (thrice) (D:2)
  10 worker ants
  4 hound skeletons
  A hound zombie (D:8)
  Robin (D:2)
  5 gnolls
  A howler monkey skeleton (D:6)
  13 adders
  3 shadow imps
  A white imp (D:10)
  3 ufetubi
  An ooze (D:1)
  3 adder zombies
  4 worms (D:2)
  4 dart slugs
  A leopard gecko (D:11)
  100 orcs
  3 bats
  5 giant cockroaches
  9 goblins
  9 hobgoblins
  7 jackals
  2 quokkas
  A ball python (D:1)
  4 frilled lizards
  A jackal skeleton (D:5)
  18 kobolds
  A quokka skeleton (D:2)
  8 rats
  A fire vortex (Lair:1)
548 creatures vanquished.

Vanquished Creatures (others)
  A water elemental (D:12)
  6 fungi
  22 plants
29 creatures vanquished.

Grand Total: 577 creatures vanquished

Notes
Turn   | Place    | Note
-------+----------+-------------------------------------------
     0 | D:5      | robertstho the Minotaur Delver began the quest for the Orb.
     0 | D:5      | Reached XP level 1. HP: 19/19 MP: 0/0
    58 | D:5      | Noticed an orc wizard
    60 | D:5      | Noticed an iguana
    70 | D:5      | Killed an orc wizard
    70 | D:5      | Reached skill level 1 in Armour
    70 | D:5      | Reached XP level 2. HP: 25/27 MP: 1/1
    70 | D:5      | Reached XP level 3. HP: 31/33 MP: 2/2
   104 | D:5      | Reached skill level 3 in Axes
   104 | D:5      | Reached XP level 4. HP: 28/40 MP: 3/3
   356 | D:5      | Noticed a lemure
   357 | D:5      | Noticed a lemure
   548 | D:4      | Reached XP level 5. HP: 45/47 MP: 4/4
   620 | D:4      | Reached skill level 5 in Stealth
   764 | D:4      | Noticed an ogre
  1158 | D:2      | Found a blossoming altar of Fedhas.
  1158 | D:2      | Found a radiant altar of Vehumet.
  1158 | D:2      | Found a shattered altar of Ashenzari.
  1158 | D:2      | Found a sacrificial altar of Ru.
  1162 | D:2      | Found a shadowy altar of Dithmenos.
  1308 | D:3      | HP: 2/47 [ogre/cursed +0 giant club (28)]
  1313 | D:3      | Killed an ogre
  1313 | D:3      | Reached skill level 4 in Axes
  1313 | D:3      | Reached XP level 6. HP: 27/53 MP: 5/5
  1522 | D:3      | Reached skill level 1 in Polearms
  1650 | D:3      | Found a snail-covered altar of Cheibriados.
  1709 | D:3      | Found a burning altar of Makhleb.
  1716 | D:3      | Found an opulent altar of Gozag.
  1900 | D:3      | Reached skill level 5 in Fighting
  2005 | D:3      | You fall into a shaft and drop 1 floor!
  2018 | D:4      | Got a scorched ivory ring
  2019 | D:4      | Identified the ring "Quruhyev" {+Fly Str+4 Dex+7 Stlth+}
                  | (You found it on level 4 of the Dungeon)
  2702 | D:2      | Noticed a +0 dagger
  2702 | D:2      | Noticed a +0 dagger
  2704 | D:2      | Found a hide-covered altar of Uskayaw.
  2706 | D:2      | Noticed Jessica
  2711 | D:2      | Killed Jessica
  2974 | D:2      | Noticed Robin
  2980 | D:2      | Killed Robin
  2980 | D:2      | Reached skill level 5 in Axes
  3051 | D:2      | Noticed Natasha
  3060 | D:2      | Killed Natasha
  3065 | D:2      | Reached XP level 7. HP: 50/61 MP: 6/6
  3326 | D:2      | Noticed Natasha
  3331 | D:2      | Killed Natasha
  3374 | D:2      | Noticed Natasha
  3379 | D:2      | Killed Natasha
  4574 | D:5      | Found an iron altar of Okawaru.
  4612 | D:5      | Noticed Pikel
  4636 | D:5      | Killed Pikel
  4636 | D:5      | Reached skill level 7 in Axes
  4636 | D:5      | Reached XP level 8. HP: 35/71 MP: 7/7
  4663 | D:5      | Became a worshipper of Warmaster Okawaru
  4962 | D:5      | Found a staircase to the Ecumenical Temple.
  5165 | D:5      | Reached skill level 5 in Armour
  5174 | D:5      | Reached skill level 8 in Axes
  5268 | D:6      | Found Epuxzig's Assorted Antiques.
  5279 | D:6      | Bought a scroll labeled SYSHOXKATS for 29 gold pieces
  5279 | D:6      | Bought a scroll of identify for 58 gold pieces
  5279 | D:6      | Bought a scroll of identify for 58 gold pieces
  5279 | D:6      | Bought a scroll labeled FOELUAJEALO for 29 gold pieces
  5319 | D:6      | Found Jaofy's General Store.
  5320 | D:6      | Found Lesic's Distillery.
  5323 | D:6      | Bought a potion of heal wounds for 60 gold pieces
  5323 | D:6      | Bought a potion of might for 48 gold pieces
  5324 | D:6      | Found a runed translucent gate.
  5324 | D:6      | Found a runed translucent gate.
  5324 | D:6      | Found a runed translucent gate.
  5334 | D:6      | Bought a scroll of random uselessness for 13 gold pieces
  5334 | D:6      | Bought a +0 pair of boots for 58 gold pieces
  5392 | D:6      | Noticed snetch's ghost (novice MiBe)
  5418 | D:5      | Reached skill level 1 in Invocations
  5848 | D:6      | Reached * piety under Okawaru
  6123 | D:6      | Found Agotou's Jewellery Shoppe.
  6211 | D:6      | Found Ekyegroj's Weapon Boutique.
  6302 | D:6      | Found a sparkling altar of Nemelex Xobeh.
  6455 | D:6      | Reached skill level 9 in Axes
  6537 | D:6      | Reached XP level 9. HP: 57/79 MP: 9/9
  6715 | D:7      | Found an opulent altar of Gozag.
  6990 | D:7      | Reached skill level 10 in Axes
  6991 | D:7      | Reached ** piety under Okawaru
  7306 | D:7      | Found a shattered altar of Ashenzari.
  7361 | D:7      | Noticed Dowan
  7362 | D:7      | Noticed Duvessa
  7363 | D:7      | Got a faintly glowing quarterstaff
  7369 | D:7      | Killed Duvessa
  7370 | D:7      | Killed Dowan
  7370 | D:7      | Reached skill level 5 in Dodging
  7608 | D:8      | Found Modog's Antique Weapon Shop.
  7638 | D:8      | Reached skill level 11 in Axes
  7644 | D:8      | Found Ecucekarph's Assorted Antiques.
  7690 | D:8      | Noticed Erica
  7696 | D:8      | Paralysed by something for 7 turns
  7713 | D:8      | Killed Erica
  7713 | D:8      | Reached *** piety under Okawaru
  7713 | D:8      | Reached XP level 10. HP: 22/90 MP: 9/11
  8058 | D:8      | Bought a scroll of identify for 46 gold pieces
  8058 | D:8      | Bought a scroll of identify for 46 gold pieces
  8058 | D:8      | Bought a scroll labeled WONWAN POLL for 23 gold pieces
  8330 | D:8      | Found Filaun's Weapon Emporium.
  8370 | D:8      | Found Imijeen's Magic Scroll Boutique.
  8378 | D:8      | Bought a scroll of identify for 28 gold pieces
  8378 | D:8      | Bought a scroll of identify for 28 gold pieces
  8403 | D:8      | Found Buaffex's Magic Scroll Boutique.
  8461 | D:8      | Identified the +8 quarterstaff of Honour {drain, Str+7
                  | Int+3} (You found it on level 7 of the Dungeon)
  8587 | D:9      | Noticed a two-headed ogre
  8596 | D:9      | Reached skill level 12 in Axes
  8612 | D:9      | Reached **** piety under Okawaru
  9062 | D:9      | Found a staircase to the Orcish Mines.
  9526 | D:9      | Noticed a centaur warrior
  9723 | D:9      | Found a staircase to the Lair.
 10235 | D:10     | Entered Level 10 of the Dungeon
 10281 | D:10     | Found a flagged portal.
 10293 | D:10     | Reached skill level 13 in Axes
 10432 | Bailey   | Entered a bailey
 10457 | Bailey   | Reached ***** piety under Okawaru
 10571 | Bailey   | Found an iron altar of Okawaru.
 10730 | D:10     | Reached XP level 11. HP: 97/97 MP: 12/12
 10731 | D:10     | Noticed a two-headed ogre
 10739 | D:10     | Killed a two-headed ogre
 11437 | D:10     | Identified the +7 flail of Perversion {drain, Int+3}
 11672 | D:10     | Noticed Psyche
 11679 | D:10     | Killed Psyche
 11679 | D:10     | Reached skill level 14 in Axes
 12074 | D:11     | Received a gift from Okawaru
 12156 | D:11     | Reached skill level 10 in Fighting
 12449 | D:11     | Found a runed translucent door.
 12449 | D:11     | Noticed Fiamaimm's ghost (journeyman MiBe)
 12483 | D:11     | Killed Fiamaimm's ghost
 12696 | D:11     | Noticed a skeletal warrior
 12697 | D:11     | Noticed a skeletal warrior
 12697 | D:11     | Noticed a skeletal warrior
 12698 | D:11     | Noticed a skeletal warrior
 12732 | D:11     | Killed a skeletal warrior
 12732 | D:11     | Reached skill level 1 in Shields
 12745 | D:11     | Killed a skeletal warrior
 12757 | D:11     | Killed a skeletal warrior
 13064 | D:11     | Received a gift from Okawaru
 13066 | D:11     | Reached skill level 5 in Invocations
 13184 | D:11     | Noticed an eight-headed hydra
 13201 | D:11     | Killed a five-headed hydra
 13201 | D:11     | Reached skill level 15 in Axes
 13201 | D:11     | Reached XP level 12. HP: 68/108 MP: 14/14
 14323 | D:12     | Noticed Maurice
 14335 | D:12     | Killed Maurice
 14564 | D:12     | Reached ****** piety under Okawaru
 14640 | D:12     | Received a gift from Okawaru
 14918 | D:12     | Noticed Sonja
 14918 | D:12     | Noticed a death knight
 15042 | Lair:1   | Entered Level 1 of the Lair of Beasts
 15480 | Lair:1   | Reached skill level 16 in Axes
 15480 | Lair:1   | Noticed a five-headed hydra
 15490 | Lair:1   | Killed a one-headed hydra
 16439 | Lair:2   | Reached XP level 13. HP: 89/118 MP: 16/16
 16466 | Lair:2   | Noticed Fannar
 16482 | Lair:2   | Killed Fannar
 17306 | Lair:3   | Reached skill level 10 in Armour
 17461 | Lair:3   | Found a staircase to the Snake Pit.
 17994 | Lair:3   | Found a staircase to the Swamp.
 18264 | Lair:3   | Found a sparkling altar of Nemelex Xobeh.
 18372 | Lair:3   | Received a gift from Okawaru
 18527 | Lair:3   | Reached skill level 1 in Long Blades
 19152 | Lair:4   | Reached skill level 17 in Axes
 19318 | Lair:4   | Found a snail-covered altar of Cheibriados.
 20126 | Lair:5   | Found a runed translucent gate.
 20126 | Lair:5   | Found a runed translucent gate.
 20126 | Lair:5   | Found a runed translucent gate.
 20490 | Lair:5   | Received a gift from Okawaru
 20682 | Lair:5   | Found a sacrificial altar of Ru.
 20731 | Lair:5   | Noticed a minotaur
 20747 | Lair:5   | Noticed Weonon's ghost (journeyman GrFi)
 20761 | Lair:5   | Found a staircase to the Slime Pits.
 21086 | Lair:5   | Killed Weonon's ghost
 21101 | Lair:5   | Slain by a minotaur

Illustrated notes

Levels and vault maps discovered:
D:1:      eino_arrival_water_star, layout_basic
D:2:      layout_basic, dancing_weapons_uskayaw, nicolae_overflow_hidden_temple,
          uniq_natasha, uniq_robin, uniq_jessica
D:3:      layout_basic, grunt_temple_overflow_open, cheibriados_altar_1
D:4:      layout_loops_ring
D:5:      layout_loops_cross, kennysheep_mini_moat, minmay_temple_entry_fiery,
          hangedman_decor_riveting, uniq_pikel
D:6:      layout_basic, kennysheep_little_box, serial_shops, shop, shop, shop,
          shop, kennysheep_mini, gammafunk_ghost_necromancy
D:7:      layout_cave_pools, basic_altar, evilmike_ruin_ashenzari, uniq_duvessa
D:8:      layout_rooms, serial_shops, nicolae_shop_window_shopping, shop,
          nicolae_shop_stone, nicolae_shop_waterfront, shop,
          minmay_misc_feat_tiny, uniq_erica
D:9:      layout_layer_cave, david_lair_generic, hiddenorc2_lemuel,
          kennysheep_doodads, skrybe_limestone_x, minivault_12
D:10:     layout_layer_cave, enter_bailey_2, uniq_psyche
D:11:     layout_grid_maze, gammafunk_ghost_grave
D:12:     layout_cave_pods, kennysheep_boxes, uniq_sonja, uniq_maurice
Lair:1:   layout_chaotic_city, minivault_25, serial_bayou_ford_a,
          lemuel_fruit_tree
Lair:2:   layout_hall_layers, infiniplex_staircase_pool, grunt_megastairs_4,
          uniq_fannar
Lair:3:   minmay_lair_oklob_tunnel, layout_hall_layers,
          palyth_hydra_swamp_entry, guppyfry_snake_entry_island, basic_altar
Lair:4:   layout_long_grid, kennysheep_snail_temple
Lair:5:   layout_gridlike, minmay_slime_entry_oklob_open,
          maelrawn_ghost_gauntlet_escape, basic_altar, beast_lair_carwin_8

Skill      XL: |  1  2  3  4  5  6  7  8  9 10 11 12 13 |
---------------+----------------------------------------+-----
Armour         | 1 2 3 4 6 7 8 9 10 | 10.6
Fighting       | 4 5 6 7 8 9 10 12 13 | 13.0
Axes           | 3 4 5 7 9 11 13 15 16 17 | 17.9
Stealth        | 5 6 |  6.3
Dodging        | 3 4 5 6 7 8 9 |  9.1
Polearms       | 1 |  1.0
Invocations    | 1 2 3 5 6 7 |  7.3
Shields        | 1 2 |  2.9
Long Blades    | 1 |  1.0

Action                   |  1- 3 |  4- 6 |  7- 9 | 10-12 | 13-15 || total
-------------------------+-------+-------+-------+-------+-------++-------
Melee: Hand axe          |    25 |    41 |       |       |       ||    66
       Headbutt          |     3 |    32 |    74 |   163 |    70 ||   342
       Trident           |       |    24 |       |       |       ||    24
       War axe           |       |   135 |   170 |   326 |       ||   631
       Battleaxe         |       |       |    93 |   193 |       ||   286
       Scimitar          |       |       |       |    13 |     7 ||    20
       Executioner's axe |       |       |       |    42 |   179 ||   221
       Broad axe         |       |       |       |       |    24 ||    24
       Punch             |       |       |       |       |     1 ||     1
Invok: Heroism           |       |       |       |     5 |     2 ||     7
Evoke: Wand              |       |       |       |       |     2 ||     2
  Use: Potion            |     2 |     2 |     3 |     2 |     4 ||    13
       Scroll            |       |     2 |    12 |     8 |     2 ||    24
 Stab: Sleeping          |       |     1 |     2 |    17 |    15 ||    35
       Distracted        |       |     1 |       |       |     1 ||     2
Armor: Ring mail         |    10 |    31 |       |       |       ||    41
       Chain mail        |       |    78 |   122 |    11 |       ||   211
       Plate armour      |       |       |       |   119 |       ||   119
       Swamp dragon scal |       |       |       |   163 |    80 ||   243
Dodge: Dodged            |     8 |   112 |   160 |   469 |   198 ||   947
Block: Buckler           |       |       |       |    69 |       ||    69
       Rpst.: Scimitar   |       |       |       |     4 |     4 ||     8

Table legend: (Time is in decaauts)
 A = Elapsed time spent in this place.
 B = Non-inter-level travel time spent in this place.
 C = Inter-level travel time spent in this place.
 D = Time resting spent in this place.
 E = Time spent auto-exploring this place.
 F = Levels seen in this place.
 G = Mean time per level.
                   A        B        C        D        E       F      G
               +--------+--------+--------+--------+--------+-----+--------+
         Total |  21215 |  20479 |    736 |   2151 |  14801 |  18 | 1178.6 |
       Dungeon |  14928 |  14266 |    662 |   1579 |  10018 |  12 | 1244.0 |
          Lair |   6110 |   6037 |     73 |    538 |   4731 |   5 | 1222.0 |
        Bailey |    176 |    176 |      0 |     34 |     52 |   1 |  176.0 |
               +--------+--------+--------+--------+--------+-----+--------+

Top non-repeatable levels by time:
    D:11: 1933 daAuts
     D:5: 1705 daAuts
     D:9: 1704 daAuts
    D:10: 1664 daAuts
  Lair:3: 1626 daAuts
  Lair:2: 1275 daAuts
  Lair:4: 1260 daAuts
     D:2: 1170 daAuts
     D:3: 1147 daAuts
     D:4: 1036 daAuts
     D:8: 989 daAuts
     D:6: 989 daAuts
  Lair:1: 974 daAuts
  Lair:5: 973 daAuts
     D:7: 948 daAuts
